AoeStats
← pa_sk

MegaRandom

506110300Analyzed
1v1 RM · 20d ago on Sep 12, 2026· 57m 33s· 2 players
Game mode
Random Map
Map size
Tiny (2 player)
Population
200
Speed
Normal
Resources
Standard
Victory
Conquest
Starting age
Dark Age
Ending age
Imperial Age
RankedLock teamsTeams togetherTeam positionsShared explorationLock speedFull tech treeHidden civsTurbo modeCheats
Victory
Defeat
🇵🇱 Huns · Poland
828
+15
🇳🇱 Khmer · Netherlands
807
-15
bbastian
5:00 Loom
10:23 Feudal Age
11:11 Loom
17:48 Castle Age
20:07 Pikeman
20:53 Double-Bit Axe
24:53 Fishing Lines
25:08 Town Watch
25:38 Bow Saw
27:33 Wheelbarrow
26:59 Gillnets
28:18 Gold Mining
28:52 Town Patrol
30:36 Hand Cart
31:50 Arson
32:44 Horse Collar
45:11 Forging
46:05 Medium Warships
48:50 Iron Casting
48:06 Fletching
53:25 Scale Barding Armor
53:15 Bodkin Arrow
53:21 Padded Archer Armor
53:32 Tusk Swords
54:46 Husbandry
55:00 Bloodlines
56:26 Elite Skirmisher
pa_sk
6:44 Loom
10:24 Feudal Age
12:30 Bloodlines
13:14 Scale Barding Armor
14:02 Double-Bit Axe
14:55 Horse Collar
15:58 Forging
23:15 Castle Age
21:51 Scale Mail Armor
23:19 Light Cavalry
24:00 Husbandry
24:24 Chain Barding Armor
24:43 Wheelbarrow
24:26 Heavy Plow
24:40 Bow Saw
25:22 Town Watch
31:05 Iron Casting
32:16 Squires
34:18 Pikeman
35:50 Hand Cart
40:22 Stone Mining
40:23 Gold Mining
40:39 Town Patrol
40:58 Chain Mail Armor
42:32 Fletching
42:42 Padded Archer Armor
43:57 Thumb Ring
48:57 Imperial Age
46:52 Bodkin Arrow
47:12 Leather Archer Armor
49:15 Ballistics
48:54 Murder Holes
50:11 Gold Shaft Mining
50:14 Parthian Tactics
50:53 Chemistry
49:58 Bracer
50:14 Guilds
51:15 Two-Man Saw
50:56 Conscription
51:30 Arson
52:15 Masonry
52:02 Heavy Cavalry Archer
53:44 Man-at-Arms
53:55 Hussar
56:48 Blast Furnace
55:12 Long Swordsman
Connection lost

Rejoining the realm…

Still unreachable

The connection could not be restored.

Session expired

The server has moved on; the page needs a fresh start.